AoeStats
← Tinkerbells_t.t

Arena

509958878Analyzed
1v1 RM · 3d ago on Sep 28, 2026· 80m 24s· 2 players
Game mode
Random Map
Map size
Tiny (2 player)
Population
200
Speed
Normal
Resources
Standard
Victory
Conquest
Starting age
Dark Age
Ending age
Imperial Age
RankedLock teamsTeams togetherTeam positionsShared explorationLock speedFull tech treeHidden civsTurbo modeCheats
Victory
Defeat
🇦🇺 Tatars · Australia
734
+15
🇺🇸 Portuguese · United States
720
-15
slipoker
0:34 Loom
13:47 Feudal Age
14:36 Double-Bit Axe
18:26 Castle Age
16:15 Horse Collar
20:01 Fervor
22:02 Sanctity
28:56 Imperial Age
26:13 Treadmill Crane
27:03 Stone Mining
29:08 Stone Shaft Mining
29:04 Gold Mining
31:40 Guilds
38:33 Wheelbarrow
37:44 Town Watch
37:52 Fletching
39:09 Chemistry
38:20 Fortified Wall
38:05 Murder Holes
38:16 Siege Engineers
38:32 Ballistics
39:51 Bombard Tower
39:34 Pikeman
40:02 Arson
40:02 Gambesons
39:38 Man-at-Arms
40:18 Bodkin Arrow
40:24 Scale Mail Armor
40:39 Forging
41:09 Bracer
41:16 Scale Barding Armor
42:46 Iron Casting
41:33 Halberdier
42:49 Bow Saw
44:26 Arquebus
44:30 Padded Archer Armor
44:46 Chain Mail Armor
45:32 Blast Furnace
44:48 Bloodlines
47:16 Two-Man Saw
47:46 Plate Mail Armor
47:37 Chain Barding Armor
47:33 Leather Archer Armor
47:02 Elite Skirmisher
49:10 Conscription
48:21 Sappers
48:55 Circumnavigation
50:01 Plate Barding Armor
49:44 Thumb Ring
50:20 Hand Cart
53:40 Light Cavalry
54:21 Husbandry
53:41 Cavalier
54:55 Ring Archer Armor
58:00 Town Patrol
58:08 Crossbowman
60:11 Masonry
59:52 Heated Shot
59:53 Guard Tower
79:29 Crossbowman
Tinkerbells_t.t
3:15 Loom
11:24 Feudal Age
13:33 Wheelbarrow
12:47 Double-Bit Axe
13:02 Horse Collar
16:14 Town Watch
17:52 Bloodlines
23:12 Castle Age
22:24 Forging
23:18 Light Cavalry
23:58 Husbandry
26:08 Town Patrol
26:24 Bow Saw
26:16 Heavy Plow
27:30 Iron Casting
26:54 Fletching
28:14 Gold Mining
28:34 Stone Mining
33:01 Bodkin Arrow
33:12 Scale Barding Armor
37:00 Chain Barding Armor
38:46 Hand Cart
41:01 Imperial Age
40:28 Ballistics
40:19 Masonry
40:05 Murder Holes
39:51 Treadmill Crane
40:16 Padded Archer Armor
40:18 Scale Mail Armor
41:25 Gold Shaft Mining
42:33 Leather Archer Armor
43:37 Chemistry
42:43 Siege Engineers
43:21 Plate Barding Armor
43:00 Hussar
44:20 Conscription
43:28 Capped Ram
45:15 Blast Furnace
44:16 Bracer
44:25 Silk Armor
45:33 Timurid Siegecraft
47:49 Crop Rotation
47:40 Heavy Cavalry Archer
48:54 Ring Archer Armor
50:05 Guard Tower
50:36 Bombard Tower
59:28 Elite Skirmisher
61:25 Siege Ram
Connection lost

Rejoining the realm…

Still unreachable

The connection could not be restored.

Session expired

The server has moved on; the page needs a fresh start.